BSA
ORLANDO CALRISSIAN @ HENDERSONVILLE HITMEN
07/04/2024
 
TOP OF THE 1ST
Orlando Calrissian batting - Pitching for Hendersonville Hitmen : RHP Carlos Hernández
Pitching: RHP Carlos Hernández
Batting: LHB Danny Allen 0-0: Ball
1-0: Called Strike
1-1: Ball
2-1: Foul Ball, location: 2F
2-2: Fly out, F8 (Flyball, 8LXD)
Batting: LHB Leo Wyeth 0-0: Ball
1-0: Ball
2-0: Called Strike
2-1: Ground out U3 (Groundball, 3S)
Batting: LHB Santiago Márquez 0-0: Foul Ball, location: 2F
0-1: Ball
1-1: Foul Ball, location: 2F
1-2: SINGLE (Flyball, 89S)
Batting: RHB Jorge Rodríguez 0-0: Ground out 5-3 (Groundball, 5L)
Top of the 1st over - 0 run(s), 1 hit(s), 0 error(s), 1 left on base; Orlando 0 - Hendersonville 0
BOTTOM OF THE 1ST
Hendersonville Hitmen batting - Pitching for Orlando Calrissian : RHP Reagan Wear
Pitching: RHP Reagan Wear
Batting: RHB Carlos García 0-0: Called Strike
0-1: Ball
1-1: Ball
2-1: Foul Ball, location: 2F
2-2: Foul Ball, location: 2F
2-2: DOUBLE (Line Drive, 7LS)
Batting: RHB Alonso Holguín 0-0: Ball
1-0: Ground out U3 (Groundball, 3S)
Carlos García to third
Batting: LHB Lorenzo Villa 0-0: Ball
1-0: Fly out, F6 (Line Drive, 6)
Batting: RHB Manolo Román 0-0: Called Strike
0-1: Foul Ball, location: 2F
0-2: Ball
1-2: Foul Ball, location: 2F
1-2: Ball
2-2: Fly out, F7 (Flyball, 7D)
Bottom of the 1st over - 0 run(s), 1 hit(s), 0 error(s), 1 left on base; Orlando 0 - Hendersonville 0
TOP OF THE 2ND
Orlando Calrissian batting - Pitching for Hendersonville Hitmen : RHP Carlos Hernández
Batting: SHB Mark Simmons 0-0: Ball
1-0: Foul Ball, location: 2F
1-1: Swinging Strike
1-2: Ball
2-2: Ball
3-2: Strikes out swinging
Batting: LHB Rubén Díaz 0-0: Called Strike
0-1: Called Strike
0-2: Ball
1-2: SINGLE (Groundball, 4MD)
Batting: LHB Bryan Foster 0-0: DOUBLE (Line Drive, 9LD)
Rubén Díaz to third
Runner from 3rd tries for Home, SAFE, no throw or cutoff
Batting: SHB Tim Abbott 0-0: Ball
1-0: SINGLE (Line Drive, 78S)
Bryan Foster to third
Batting: RHB Eugene Gill 0-0: Foul Ball, location: 2F
0-1: Ball
1-1: Ball
2-1: Called Strike
Tim Abbott is caught stealing 2nd base
2-2: Fly out, F9 (Flyball, 9LS)
Top of the 2nd over - 1 run(s), 3 hit(s), 0 error(s), 1 left on base; Orlando 1 - Hendersonville 0
BOTTOM OF THE 2ND
Hendersonville Hitmen batting - Pitching for Orlando Calrissian : RHP Reagan Wear
Batting: LHB Jerry Johnston 0-0: Ball
1-0: Ball
2-0: Called Strike
2-1: Swinging Strike
2-2: Fly out, F4 (Popup, 4M)
Batting: RHB Robert Buckley 0-0: Called Strike
0-1: Foul Ball, location: 2F
0-2: Strikes out swinging
Batting: LHB Leland Hardy 0-0: Ball
1-0: Ball
2-0: Ball
3-0: DOUBLE (Flyball, 9D)
Batting: RHB Rafael González 0-0: Ball
1-0: Called Strike
1-1: Ground out 6-3 (Groundball, 6M)
Bottom of the 2nd over - 0 run(s), 1 hit(s), 0 error(s), 1 left on base; Orlando 1 - Hendersonville 0
TOP OF THE 3RD
Orlando Calrissian batting - Pitching for Hendersonville Hitmen : RHP Carlos Hernández
Batting: LHB Danny Allen 0-0: Called Strike
0-1: Foul Ball, location: 2F
0-2: Ball
1-2: DOUBLE (Flyball, 7LD)
Batting: LHB Leo Wyeth 0-0: Ball
1-0: Ball
2-0: Ball
3-0: Called Strike
3-1: Foul Ball, location: 2F
3-2: Ground out 4-3 (Groundball, 4M)
Danny Allen to third
Batting: LHB Santiago Márquez 0-0: Called Strike
0-1: Ball
1-1: Ball
2-1: Ball
3-1: Base on Balls
Batting: RHB Jorge Rodríguez 0-0: Ball
1-0: Swinging Strike
1-1: Swinging Strike
1-2: Strikes out looking
Batting: SHB Mark Simmons 0-0: Ball
1-0: Ground out 3-1 (Groundball, 34)
Top of the 3rd over - 0 run(s), 1 hit(s), 0 error(s), 2 left on base; Orlando 1 - Hendersonville 0
BOTTOM OF THE 3RD
Hendersonville Hitmen batting - Pitching for Orlando Calrissian : RHP Reagan Wear
Batting: RHB Taylor McFarland 0-0: Called Strike
0-1: Ball
1-1: Foul Ball, location: 2F
1-2: Foul Ball, location: 2F
1-2: Strikes out swinging
Batting: RHB Carlos García 0-0: DOUBLE (Line Drive, 5D)
Batting: RHB Alonso Holguín 0-0: Ball
Carlos García steals 3rd base
1-0: Fly out, F9 (Line Drive, 9LM)
Runner from 3rd tags up, SCORES, no throw
Batting: LHB Lorenzo Villa 0-0: Ball
1-0: SOLO HOME RUN (Flyball, 9D), Distance : 389 ft
Batting: RHB Manolo Román 0-0: Called Strike
0-1: Foul Ball, location: 2F
0-2: Ball
1-2: Ball
2-2: Foul Ball, location: 2F
2-2: Foul Ball, location: 2F
2-2: Foul Ball, location: 2F
2-2: Fly out, F8 (Flyball, 8LXD)
Bottom of the 3rd over - 2 run(s), 2 hit(s), 0 error(s), 0 left on base; Orlando 1 - Hendersonville 2
TOP OF THE 4TH
Orlando Calrissian batting - Pitching for Hendersonville Hitmen : RHP Carlos Hernández
Batting: LHB Rubén Díaz 0-0: Called Strike
0-1: Ball
1-1: SINGLE (Groundball, 34D)
Batting: LHB Bryan Foster 0-0: Ball
1-0: Ball
2-0: Called Strike
2-1: Ground out 5-3 (Groundball, 6S)
Rubén Díaz to second
Batting: SHB Tim Abbott 0-0: Ball
Rubén Díaz steals 3rd base
1-0: Ball
2-0: Foul Ball, location: 2F
2-1: Foul Ball, location: 2F
2-2: Ball
3-2: Foul Ball, location: 2F
3-2: Ground out 6-3 (Groundball, 6M)
Rubén Díaz scores
Batting: RHB Eugene Gill 0-0: Called Strike
0-1: Ball
1-1: DOUBLE (Line Drive, 5D)
Batting: LHB Danny Allen 0-0: Ball
1-0: Foul Ball, location: 2F
1-1: Ball
2-1: Called Strike
2-2: Ground out 3-1 (Groundball, 34)
Top of the 4th over - 1 run(s), 2 hit(s), 0 error(s), 1 left on base; Orlando 2 - Hendersonville 2
BOTTOM OF THE 4TH
Hendersonville Hitmen batting - Pitching for Orlando Calrissian : RHP Reagan Wear
Batting: LHB Jerry Johnston 0-0: Called Strike
0-1: Ball
1-1: Foul Ball, location: 2F
1-2: Strikes out swinging
Batting: RHB Robert Buckley 0-0: Fly out, F9 (Line Drive, 89D)
Batting: LHB Leland Hardy 0-0: Fly out, F7 (Popup, 5D)
Bottom of the 4th over - 0 run(s), 0 hit(s), 0 error(s), 0 left on base; Orlando 2 - Hendersonville 2
TOP OF THE 5TH
Orlando Calrissian batting - Pitching for Hendersonville Hitmen : RHP Carlos Hernández
Batting: LHB Leo Wyeth 0-0: Ball
1-0: Ground out U3 (Groundball, 3S)
Batting: LHB Santiago Márquez 0-0: Ball
1-0: Swinging Strike
1-1: Foul Ball, location: 2F
1-2: Foul Ball, location: 2F
1-2: Ball
2-2: Ground out 1-3 (Groundball, 15)
Batting: RHB Jorge Rodríguez 0-0: Swinging Strike
0-1: Called Strike
0-2: Strikes out looking
Top of the 5th over - 0 run(s), 0 hit(s), 0 error(s), 0 left on base; Orlando 2 - Hendersonville 2
BOTTOM OF THE 5TH
Hendersonville Hitmen batting - Pitching for Orlando Calrissian : RHP Reagan Wear
Batting: RHB Rafael González 0-0: Ball
1-0: Ball
2-0: SINGLE (Line Drive, 89S)
Batting: RHB Taylor McFarland 0-0: Ball
1-0: Called Strike
1-1: Swinging Strike
1-2: Ball
Throwing error on steal attempt, E2
Rafael González to third
2-2: Strikes out swinging
Batting: RHB Carlos García 0-0: Foul Ball, location: 2F
0-1: Fly out, F4 (Line Drive, 4D)
0-1: Fly out, F4 (Line Drive, 4D)
Batting: RHB Alonso Holguín 0-0: Foul Ball, location: 2F
0-1: Ball
1-1: Called Strike
1-2: SINGLE (Flyball, 8LS)
Rafael González scores
Batting: LHB Lorenzo Villa 0-0: Ball
1-0: Ball
2-0: Foul Ball, location: 2F
2-1: SINGLE (Groundball, 4MD)
Alonso Holguín to second
Runner from 2nd tries for 3rd, SAFE, no throw or cutoff
Batting: RHB Manolo Román 0-0: Called Strike
0-1: Ball
1-1: Foul Ball, location: 2F
1-2: Strikes out swinging
Bottom of the 5th over - 1 run(s), 3 hit(s), 1 error(s), 2 left on base; Orlando 2 - Hendersonville 3
TOP OF THE 6TH
Orlando Calrissian batting - Pitching for Hendersonville Hitmen : RHP Carlos Hernández
Pitching: LHP Alfonso Ramos
Batting: SHB Mark Simmons 0-0: Ground out 1-3 (Groundball, 13S)
Batting: LHB Rubén Díaz 0-0: Ball
1-0: Swinging Strike
1-1: Ball
2-1: Foul Ball, location: 2F
2-2: Strikes out swinging
Batting: LHB Bryan Foster 0-0: Ball
1-0: Fly out, F4 (Line Drive, 4)
Top of the 6th over - 0 run(s), 0 hit(s), 0 error(s), 0 left on base; Orlando 2 - Hendersonville 3
BOTTOM OF THE 6TH
Hendersonville Hitmen batting - Pitching for Orlando Calrissian : RHP Reagan Wear
Batting: LHB Jerry Johnston 0-0: Ball
1-0: Ball
2-0: Called Strike
2-1: Foul Ball, location: 2F
2-2: Strikes out looking
Batting: RHB Robert Buckley 0-0: Ball
1-0: Ball
2-0: Swinging Strike
2-1: Foul Ball, location: 2F
2-2: Foul Ball, location: 2F
2-2: Ball
3-2: Base on Balls
Batting: LHB Leland Hardy 0-0: Called Strike
0-1: Swinging Strike
0-2: Ball
1-2: Strikes out swinging
Batting: RHB Rafael González 0-0: Ball
1-0: Ball
2-0: DOUBLE (Line Drive, 7LM)
Robert Buckley to third
Batting: RHB Taylor McFarland 0-0: Ball
1-0: Called Strike
1-1: Swinging Strike
1-2: Foul Ball, location: 2F
1-2: Foul Ball, location: 2F
1-2: SINGLE (Groundball, 4MD)
Robert Buckley scores
Rafael González to third
Runner from 3rd tries for Home, SAFE, no throw or cutoff
Batting: RHB Carlos García 0-0: Fly out, F9 (Line Drive, 9M)
Bottom of the 6th over - 2 run(s), 2 hit(s), 0 error(s), 1 left on base; Orlando 2 - Hendersonville 5
TOP OF THE 7TH
Orlando Calrissian batting - Pitching for Hendersonville Hitmen : LHP Alfonso Ramos
Batting: SHB Tim Abbott 0-0: Ball
1-0: Swinging Strike
1-1: Swinging Strike
1-2: Foul Ball, location: 2F
1-2: Ball
2-2: Strikes out looking
Batting: RHB Eugene Gill 0-0: Called Strike
0-1: Ball
1-1: Called Strike
1-2: Strikes out swinging
Batting: LHB Danny Allen 0-0: Called Strike
0-1: Fly out, F4 (Line Drive, 4D)
Top of the 7th over - 0 run(s), 0 hit(s), 0 error(s), 0 left on base; Orlando 2 - Hendersonville 5
BOTTOM OF THE 7TH
Hendersonville Hitmen batting - Pitching for Orlando Calrissian : RHP Reagan Wear
Pitching: LHP Mark Murchison
Batting: RHB Alonso Holguín 0-0: Called Strike
0-1: Ball
1-1: Swinging Strike
1-2: Foul Ball, location: 2F
1-2: Ball
2-2: Foul Ball, location: 2F
2-2: Foul Ball, location: 2F
2-2: Ball
3-2: DOUBLE (Line Drive, 7LM)
Batting: LHB Lorenzo Villa 0-0: Foul Ball, location: 2F
0-1: Foul Ball, location: 2F
0-2: Ball
1-2: Ball
2-2: Ball
3-2: Fly out, F7 (Flyball, 7LS)
Batting: RHB Manolo Román 0-0: Intentional Walk
Batting: LHB Jerry Johnston 0-0: Ball
1-0: Foul Ball, location: 2F
1-1: Fly out, F7 (Flyball, 78XD)
Runner from 2nd tags up, SAFE at 3rd, no throw
Batting: RHB Robert Buckley 0-0: Ball
1-0: Fly out, F8 (Line Drive, 8LD)
Bottom of the 7th over - 0 run(s), 1 hit(s), 0 error(s), 2 left on base; Orlando 2 - Hendersonville 5
TOP OF THE 8TH
Orlando Calrissian batting - Pitching for Hendersonville Hitmen : LHP Alfonso Ramos
Batting: LHB Leo Wyeth 0-0: Fly out, F8 (Line Drive, 8RM)
Batting: LHB Santiago Márquez 0-0: Foul Ball, location: 2F
0-1: Foul Ball, location: 2F
0-2: Ball
1-2: Strikes out swinging
Batting: RHB Jorge Rodríguez 0-0: Swinging Strike
0-1: Ball
1-1: Ball
2-1: Foul Ball, location: 2F
2-2: Strikes out swinging
Top of the 8th over - 0 run(s), 0 hit(s), 0 error(s), 0 left on base; Orlando 2 - Hendersonville 5
BOTTOM OF THE 8TH
Hendersonville Hitmen batting - Pitching for Orlando Calrissian : LHP Mark Murchison
Batting: LHB Leland Hardy 0-0: DOUBLE (Line Drive, 89D)
Batting: RHB Rafael González 0-0: Intentional Walk
Batting: RHB Taylor McFarland 0-0: Ball
1-0: Called Strike
1-1: Grounds into double play, 4-6-3 (Groundball, 4)
Leland Hardy to third
Batting: RHB Carlos García 0-0: Ball
1-0: Called Strike
1-1: Ground out 1-3 (Groundball, 15)
Bottom of the 8th over - 0 run(s), 1 hit(s), 0 error(s), 1 left on base; Orlando 2 - Hendersonville 5
TOP OF THE 9TH
Orlando Calrissian batting - Pitching for Hendersonville Hitmen : LHP Alfonso Ramos
Pitching: RHP Edward Cadle
Batting: SHB Mark Simmons 0-0: Ball
1-0: Foul Ball, location: 2F
1-1: Swinging Strike
1-2: Ball
2-2: Strikes out swinging, 2-3 out at first.
Batting: LHB Rubén Díaz 0-0: Ball
1-0: Foul Ball, location: 2F
1-1: Swinging Strike
1-2: Foul Ball, location: 2F
1-2: Strikes out swinging
Batting: LHB Bryan Foster 0-0: Swinging Strike
0-1: Ball
1-1: Called Strike
1-2: Strikes out looking
Top of the 9th over - 0 run(s), 0 hit(s), 0 error(s), 0 left on base; Orlando 2 - Hendersonville 5
This league is powered by Out of the Park Baseball, the baseball management simulation game for PC, Mac and Linux
Saturday, April 9th, 2016 - OOTP Baseball 16.8 Build 38